cohdb
Replays
Latest Replays
All Replays
Popular Replays
Top Player Replays
Match Explorer
How It Works
Community
CoH3 Stats
Reddit
Sign in to upload your games and track your stats! →
Sign in with Steam
Match 32615770
Unlisted
Match 32615770
Overview
Messages
Build Orders
End
250 Light Carrier
Selects Italian Infantry
Panzergrenadier Squad
Kradschützen Motorcycle Team
Construct Light Support Kompanie
Combat Half-tracks
Fire Support Elements
Flakvierling Half-track
Pak 38 Mechanized Group
Selects Guastatori Squad
Guastatori Squad
Guastatori Squad
Construct Panzerarmee Kommand
2.5-tonne Medical Truck
le.IG 18 Mechanized Group
Panzer III L Medium Tank
Selects Defensive Operations
Selects Registered Artillery
Tungsten Core Ammunition
Rapid Advance
2.5-tonne Medical Truck
Pak 38 Mechanized Group
Armored Reserves
Selects Prepared Positions
Registered Artillery
Guastatori Squad
torbjornuser
카츄사
답답하면니들이쏘던지
PubStormer
勇于撤退先遣兵
ㅁㅁㅁㅁㅁ
Escanor
Guardian
0
0
Comments
sign in to comment!
No comments posted yet!